[Event "42nd Olympiad Baku 2016 Open"]
[Site "Baku"]
[Date "2016.09.03"]
[Round "2.14"]
[White "Markov, Mikhail"]
[Black "Lenic, Luka"]
[Result "1/2-1/2"]
[ECO "E06"]
[WhiteElo "2433"]
[BlackElo "2622"]
[Annotator ""]
[PlyCount "82"]
[EventDate "2016.??.??"]
[EventCountry "AZE"]
[SourceTitle "playchess.com"]
[Source "ChessBase"]
[WhiteTeam "Kyrgyzstan"]
[BlackTeam "Slovenia"]
[WhiteTeamCountry "KGZ"]
[BlackTeamCountry "SLO"]
[TimeControl "40/5400+30:1800+30"]

1. c4 {(00:00)} e6 {(00:06)} 2. Nf3 {(00:00)} d5 {(
00:09)} 3. d4 {(00:26)} Nf6 {(00:13)} 4. g3 {(00:56)} Be7
{(02:09)} 5. Bg2 {(00:07)} O-O {(00:08)} 6. O-O {(
00:26)} c6 {(00:05)} 7. Nbd2 {(00:23)} b6 {(00:33)} 8. Qc2
{(00:05)} Bb7 {(00:27)} 9. e4 {(00:06)} Na6 {(00:
41)} 10. a3 {(01:26)} c5 {(04:45)} 11. exd5 {(06:20)} exd5
{(00:27)} 12. dxc5 {(07:00)} Nxc5 {(01:02)} 13. b4 {
(12:23)} Ne6 {(04:02)} 14. Bb2 {(09:17)} dxc4 {(15:
32)} 15. Nxc4 {(06:27)} Be4 {(18:16)} 16. Qd2 {(03:46)}
Qc7 {(03:54)} 17. Nce5 {(08:39)} Qb7 {(02:42)} 18. Rfe1 {
(06:54)} Rac8 {(04:41)} 19. Rac1 {(02:29)} Rxc1 {(
02:40)} 20. Rxc1 {(01:36)} Rd8 {(00:24)} 21. Qc3 {(04:35)}
Bf8 {(05:36)} 22. Bf1 {(07:27)} a5 {(03:23)} 23. Nc6 {
(04:31)} axb4 {(05:40)} 24. axb4 {(00:23)} Re8 {(
08:08)} 25. Nfe5 {(01:56)} Bd5 {(03:11)} 26. Qd3 {(04:31)}
Ra8 {(01:56)} 27. Bg2 {(02:46)} Bxg2 {(02:40)} 28. Kxg2 {
(00:00)} Rd8 {(03:31)} 29. Qf3 {(00:00)} Rd2 {(00:
49)} 30. Bc3 {(00:46)} Ra2 {(00:41)} 31. Ra1 {(01:11)}
Rxa1 {(02:53)} 32. Bxa1 {(00:09)} Qa6 {(00:11)} 33. Bc3 {
(00:54)} Ng5 {(00:42)} 34. Qd3 {(01:00)} Qc8 {(01:
01)} 35. h4 {(01:44)} Nge4 {(00:52)} 36. Bd4 {(01:11)} Qe6
{(03:15)} 37. Bxb6 {(01:38)} Bxb4 {(00:28)} 38. f3 {
(01:24)} Qa2+ {(00:34)} 39. Kh3 {(00:00)} Qe6+ {(
00:00)} 40. Kg2 {(00:00)} Nd6 {(00:00)} 41. Bf2 {(15:17)}
Nde8 {(01:46)} 1/2-1/2

[Event "42nd Olympiad Baku 2016 Open"]
[Site "Baku"]
[Date "2016.09.03"]
[Round "2.8"]
[White "Markovic, Miroslav"]
[Black "Shanmugam, Ravindran"]
[Result "1-0"]
[ECO "A00"]
[WhiteElo "2459"]
[BlackElo "2345"]
[Annotator ""]
[PlyCount "97"]
[EventDate "2016.??.??"]
[EventCountry "AZE"]
[SourceTitle "playchess.com"]
[Source "ChessBase"]
[WhiteTeam "Serbia"]
[BlackTeam "Singapore"]
[WhiteTeamCountry "SRB"]
[BlackTeamCountry "SIN"]
[TimeControl "40/5400+30:1800+30"]

1. g3 {(00:00)} d5 {(00:00)} 2. Bg2 {(00:00)} Nf6 {
(00:04)} 3. d3 {(00:05)} e5 {(02:44)} 4. Nf3 {(01:
51)} Bd6 {(00:53)} 5. O-O {(04:14)} O-O {(02:55)} 6. c3 {
(00:48)} c6 {(01:38)} 7. Qc2 {(07:38)} h6 {(09:29)}
8. e4 {(00:37)} Be6 {(01:58)} 9. Re1 {(08:56)} Nbd7 {
(04:15)} 10. Nbd2 {(00:11)} Qc7 {(02:53)} 11. Nf1 {
(00:15)} Rad8 {(01:17)} 12. Nh4 {(01:57)} dxe4 {(
07:36)} 13. dxe4 {(00:58)} Rfe8 {(01:26)} 14. Ne3 {(02:18]
} Bf8 {(00:59)} 15. b4 {(01:16)} Nb6 {(07:02)} 16. Bf1 {
(03:26)} Ng4 {(04:19)} 17. Nef5 {(06:43)} Nc4 {(03:
22)} 18. Qe2 {(01:39)} Nf6 {(03:43)} 19. g4 {(00:46)} Nh7
{(07:23)} 20. Nf3 {(00:07)} a5 {(02:24)} 21. a3 {(
02:12)} b5 {(00:36)} 22. h3 {(11:56)} c5 {(03:04)} 23. Rb1
{(00:33)} Rd7 {(03:34)} 24. Rd1 {(06:44)} Red8 {(
01:15)} 25. Rxd7 {(00:07)} Rxd7 {(00:08)} 26. Kg2 {(01:35]
} cxb4 {(07:54)} 27. cxb4 {(00:13)} axb4 {(00:11)} 28.
axb4 {(00:02)} Bxf5 {(01:02)} 29. gxf5 {(08:59)} Qc6 {
(03:46)} 30. Qe1 {(03:42)} Bd6 {(00:53)} 31. Nd2 {(
04:07)} Nxd2 {(03:32)} 32. Bxd2 {(00:02)} Nf6 {(00:42)}
33. Rc1 {(00:50)} Qxe4+ {(06:54)} 34. Qxe4 {(01:21)} Nxe4
{(00:05)} 35. Bxb5 {(00:46)} Rc7 {(03:22)} 36. Rxc7 {
(01:12)} Bxc7 {(00:02)} 37. Be3 {(00:18)} Nd6 {(00:
53)} 38. Bd7 {(02:44)} f6 {(02:26)} 39. b5 {(02:52)} Kf8 {
(00:34)} 40. b6 {(00:00)} Ke7 {(00:00)} 41. Be6 {(
03:16)} Bb8 {(08:10)} 42. Kf3 {(00:19)} g6 {(02:10)} 43.
Bc5 {(00:13)} h5 {(00:55)} 44. h4 {(01:46)} g5 {(
02:18)} 45. Kg3 {(00:06)} Ke8 {(02:53)} 46. Be3 {(02:59)}
Ne4+ {(06:47)} 47. Kf3 {(00:21)} gxh4 {(02:32)} 48. Kxe4 {
(00:35)} h3 {(00:07)} 49. Bd5 {(00:11)} 1-0

[Event "42nd Olympiad Baku 2016 Open"]
[Site "Baku"]
[Date "2016.09.03"]
[Round "2.29"]
[White "Matamoros Franco, Carlos S"]
[Black "Cordova, Emilio"]
[Result "0-1"]
[ECO "A04"]
[WhiteElo "2488"]
[BlackElo "2638"]
[Annotator ""]
[PlyCount "130"]
[EventDate "2016.??.??"]
[EventCountry "AZE"]
[SourceTitle "playchess.com"]
[Source "ChessBase"]
[WhiteTeam "Ecuador"]
[BlackTeam "Peru"]
[WhiteTeamCountry "ECU"]
[BlackTeamCountry "PER"]
[TimeControl "40/5400+30:1800+30"]

1. Nf3 {(00:00)} c5 {(00:00)} 2. c4 {(00:00)} b6 {(
00:06)} 3. g3 {(00:09)} Bb7 {(00:08)} 4. Bg2 {(00:04)} Nf6
{(00:10)} 5. O-O {(00:45)} g6 {(02:25)} 6. Nc3 {(
00:24)} Bg7 {(00:07)} 7. d4 {(00:25)} cxd4 {(00:06)} 8.
Qxd4 {(00:05)} d6 {(01:15)} 9. Rd1 {(01:15)} Nbd7 {
(00:12)} 10. Be3 {(00:24)} Rc8 {(01:25)} 11. Rac1 {
(00:21)} O-O {(00:41)} 12. Qh4 {(00:29)} Re8 {(02:
01)} 13. b3 {(01:22)} a6 {(00:17)} 14. Bh3 {(01:30)} Ba8 {
(01:04)} 15. Ne1 {(13:08)} h5 {(25:53)} 16. Nf3 {(
23:19)} Rc7 {(16:54)} 17. Ng5 {(09:31)} Qb8 {(01:12)} 18.
Nd5 {(01:16)} Bxd5 {(16:52)} 19. cxd5 {(00:38)} Rxc1 {
(00:24)} 20. Rxc1 {(20:34)} Ne5 {(02:06)} 21. Qd4 {
(07:19)} b5 {(00:50)} 22. Qd2 {(02:21)} b4 {(02:49]
} 23. Bg2 {(10:39)} a5 {(00:49)} 24. h3 {(00:17)} Bh6 {
(05:50)} 25. Nf3 {(03:53)} Bxe3 {(05:08)} 26. Qxe3 {
(00:05)} Nxd5 {(00:08)} 27. Qh6 {(00:08)} Nxf3+ {(
01:47)} 28. Bxf3 {(00:04)} Nf6 {(05:14)} 29. g4 {(00:09)}
hxg4 {(00:39)} 30. hxg4 {(00:05)} Rc8 {(00:02)} 31. Rd1 {
(01:48)} Rc5 {(00:09)} 32. Kg2 {(01:16)} Qf8 {(00:
05)} 33. Qe3 {(00:13)} Re5 {(01:34)} 34. Qa7 {(01:26)} Qc8
{(01:05)} 35. Rd4 {(00:14)} Qd7 {(02:35)} 36. Qa8+ {
(00:30)} Qe8 {(00:12)} 37. Qa7 {(00:11)} Rc5 {(00:
14)} 38. Rd3 {(01:33)} Nd7 {(00:53)} 39. Rd5 {(00:20)} Qd8
{(00:43)} 40. Rxc5 {(00:00)} Nxc5 {(00:00)} 41. Kg3 {
(00:54)} Kg7 {(00:12)} 42. Bg2 {(01:22)} g5 {(02:
52)} 43. Bf3 {(00:51)} e6 {(00:18)} 44. Kg2 {(01:16)} Nd7
{(02:19)} 45. Qd4+ {(02:35)} Ne5 {(00:13)} 46. Qa7 {
(00:43)} Ng6 {(01:28)} 47. Kg1 {(04:44)} d5 {(04:
03)} 48. Bg2 {(02:09)} Ne5 {(01:18)} 49. Qd4 {(04:29)} Qc7
{(00:30)} 50. e3 {(00:53)} Qc1+ {(00:27)} 51. Bf1 {
(01:05)} Qc3 {(00:23)} 52. Qd1 {(00:04)} Nd7 {(00:
32)} 53. Bd3 {(00:41)} Nc5 {(01:37)} 54. Bc2 {(00:24)} Qb2
{(03:05)} 55. Kg2 {(00:23)} Kf8 {(01:27)} 56. Bb1 {
(00:10)} Ke7 {(00:26)} 57. Qf1 {(01:53)} Nd7 {(00:
58)} 58. Qd1 {(00:21)} Ne5 {(00:19)} 59. Kg3 {(01:01)} f6
{(02:11)} 60. Qe1 {(07:29)} d4 {(01:07)} 61. exd4 {
(01:35)} Qxd4 {(00:05)} 62. Qe4 {(00:53)} Qxe4 {(
01:03)} 63. Bxe4 {(00:01)} Kd6 {(00:18)} 64. f4 {(00:11)}
gxf4+ {(00:36)} 65. Kxf4 {(00:02)} Nxg4 {(00:45)} 0-1

[Event "42nd Olympiad Baku 2016 Open"]
[Site "Baku"]
[Date "2016.09.03"]
[Round "2.30"]
[White "Maze, Sebastien"]
[Black "Jessel, Stephen"]
[Result "1-0"]
[ECO "C12"]
[WhiteElo "2617"]
[BlackElo "2367"]
[Annotator ""]
[PlyCount "66"]
[EventDate "2016.??.??"]
[EventCountry "AZE"]
[SourceTitle "playchess.com"]
[Source "ChessBase"]
[WhiteTeam "France"]
[BlackTeam "Ireland"]
[WhiteTeamCountry "FRA"]
[BlackTeamCountry "IRL"]
[TimeControl "40/5400+30:1800+30"]

1. e4 {(00:00)} e6 {(00:00)} 2. d4 {(00:00)} d5 {(
00:00)} 3. Nc3 {(00:00)} Nf6 {(00:27)} 4. Bg5 {(00:00)}
Bb4 {(00:38)} 5. e5 {(00:00)} h6 {(00:16)} 6. Bc1 {
(00:00)} Nfd7 {(00:37)} 7. a3 {(03:41)} Bf8 {(01:
33)} 8. f4 {(01:13)} c5 {(03:31)} 9. Nf3 {(00:16)} Nc6 {
(09:21)} 10. Be3 {(00:06)} cxd4 {(09:41)} 11. Nxd4 {
(00:06)} Bc5 {(01:07)} 12. Qd2 {(12:03)} O-O {(21:
12)} 13. O-O-O {(01:14)} a6 {(08:01)} 14. Qf2 {(06:43)}
Nxd4 {(14:27)} 15. Bxd4 {(00:42)} Bxd4 {(02:59)} 16. Qxd4
{(00:23)} b5 {(04:30)} 17. Bd3 {(01:16)} Rb8 {(09:
04)} 18. Ne2 {(01:04)} a5 {(04:23)} 19. b4 {(11:23)} Qc7 {
(04:29)} 20. Qc3 {(01:38)} Qxc3 {(02:14)} 21. Nxc3 {
(00:06)} Ba6 {(00:35)} 22. Ne2 {(00:20)} Rfc8 {(01:
18)} 23. Kd2 {(08:15)} Nb6 {(00:29)} 24. Nd4 {(00:08)} Kf8
{(00:34)} 25. g4 {(00:38)} Ke7 {(00:27)} 26. Rhf1 {
(01:38)} Na4 {(00:34)} 27. f5 {(01:31)} Rc3 {(00:
32)} 28. f6+ {(00:44)} gxf6 {(00:28)} 29. Rxf6 {(00:03)}
Rg8 {(00:28)} 30. Rdf1 {(00:55)} Rg7 31. Bg6 {(04:25)}
fxg6 {(01:03)} 32. Rxe6+ {(00:05)} Kd7 {(00:30)} 33. Rxa6
{(00:23)} Kc8 {(00:29)} 1-0

[Event "42nd Olympiad Baku 2016 Open"]
[Site "Baku"]
[Date "2016.09.03"]
[Round "2.7"]
[White "McNab, Colin A"]
[Black "Shankland, Samuel L"]
[Result "1/2-1/2"]
[ECO "A04"]
[WhiteElo "2434"]
[BlackElo "2679"]
[Annotator ""]
[PlyCount "101"]
[EventDate "2016.??.??"]
[EventCountry "AZE"]
[SourceTitle "playchess.com"]
[Source "ChessBase"]
[WhiteTeam "Scotland"]
[BlackTeam "United States"]
[WhiteTeamCountry "SCO"]
[BlackTeamCountry "USA"]
[TimeControl "40/5400+30:1800+30"]

1. Nf3 {(00:00)} c5 {(00:00)} 2. c4 {(00:30)} Nf6 {
(00:07)} 3. g3 {(00:29)} Nc6 {(00:13)} 4. Bg2 {(00:
30)} d5 {(00:16)} 5. cxd5 {(01:21)} Nxd5 {(00:06)} 6. Nc3
{(01:11)} Nc7 {(00:19)} 7. b3 {(02:34)} e5 {(01:19]
} 8. Bb2 {(00:30)} f6 {(00:22)} 9. Rc1 {(03:51)} Bg4 {
(01:29)} 10. d3 {(31:22)} Qd7 {(04:30)} 11. Na4 {(
01:01)} b6 {(02:55)} 12. a3 {(01:02)} O-O-O {(24:20)} 13.
Qc2 {(06:52)} Nd5 {(06:54)} 14. b4 {(13:51)} cxb4 {
(16:14)} 15. Qxc6+ {(03:12)} Qxc6 {(00:02)} 16. Rxc6+ {
(00:10)} Kb7 {(00:02)} 17. Rc4 {(03:30)} Bxf3 {(03:
10)} 18. Bxf3 {(00:14)} b5 {(00:02)} 19. axb4 {(06:03)}
bxa4 {(01:29)} 20. Kd2 {(13:41)} Ka6 {(04:12)} 21. Bxd5 {
(00:50)} Rxd5 {(00:16)} 22. Bc3 {(00:13)} Kb5 {(03:
34)} 23. Rc7 {(02:48)} Rd6 {(00:04)} 24. Rc5+ {(01:11)}
Kb6 {(02:14)} 25. Ra1 {(00:40)} Kb7 {(00:59)} 26. Rxa4 {
(01:25)} Rb6 {(00:06)} 27. Rd5 {(01:08)} Bd6 {(00:
50)} 28. b5 {(00:21)} Rd8 {(00:07)} 29. Rc4 {(01:44)} Be7
{(01:19)} 30. Rxd8 {(00:28)} Bxd8 {(00:01)} 31. Ba5 {
(00:42)} Rd6 {(00:01)} 32. Bxd8 {(00:10)} Rxd8 {(
00:00)} 33. Kc3 {(00:34)} Kb6 {(01:41)} 34. Kb4 {(00:21)}
Rd6 {(00:04)} 35. h4 {(00:50)} h5 {(00:12)} 36. g4 {
(00:49)} hxg4 {(03:35)} 37. Rxg4 {(00:06)} Rd5 {(
00:07)} 38. Rxg7 {(00:30)} Rd4+ {(00:03)} 39. Kc3 {(00:57]
} Rxh4 {(00:05)} 40. Rf7 {(00:00)} Rf4 {(00:00)} 41. f3 {
(02:00)} Kxb5 {(00:42)} 42. Rxa7 {(00:26)} Kc6 {(
00:03)} 43. Rg7 {(02:26)} Kd6 {(00:40)} 44. Rg4 {(00:48)}
Rf5 {(00:04)} 45. Ra4 {(03:53)} Rh5 {(00:20)} 46. f4 {
(05:14)} Rh2 {(02:03)} 47. Ra6+ {(07:54)} Ke7 {(00:
09)} 48. fxe5 {(00:42)} fxe5 {(00:04)} 49. e4 {(00:39)}
Rh8 {(00:17)} 50. Kc4 {(00:34)} Rd8 {(00:12)} 51. Rh6 {
(01:18)} 1/2-1/2

[Event "42nd Olympiad Baku 2016 Open"]
[Site "Baku"]
[Date "2016.09.03"]
[Round "2.10"]
[White "Meier, Georg"]
[Black "Kadric, Denis"]
[Result "1/2-1/2"]
[ECO "E94"]
[WhiteElo "2654"]
[BlackElo "2583"]
[Annotator ""]
[PlyCount "119"]
[EventDate "2016.??.??"]
[EventCountry "AZE"]
[SourceTitle "playchess.com"]
[Source "ChessBase"]
[WhiteTeam "Germany"]
[BlackTeam "Bosnia  Herzegovina"]
[WhiteTeamCountry "GER"]
[BlackTeamCountry "BIH"]
[TimeControl "40/5400+30:1800+30"]

1. Nf3 {(00:00)} d6 {(00:00)} 2. d4 {(00:00)} g6 {(
00:00)} 3. c4 {(00:00)} Bg7 {(00:00)} 4. Nc3 {(00:07)} Nf6
{(00:00)} 5. e4 {(00:11)} O-O {(00:00)} 6. Be2 {(
00:06)} e5 {(00:00)} 7. O-O {(01:19)} Na6 {(00:00)} 8. Re1
{(01:30)} Qe8 {(00:01)} 9. Bg5 {(02:12)} h6 {(01:
56)} 10. Bxf6 {(07:52)} Bxf6 {(00:03)} 11. c5 {(00:06)}
Nb4 {(09:39)} 12. cxd6 {(38:30)} cxd6 {(00:03)} 13. Qd2 {
(00:10)} Qe7 {(23:42)} 14. Nb5 {(24:46)} Nc6 {(03:
16)} 15. d5 {(00:31)} Nd4 {(00:03)} 16. Nbxd4 {(01:13)}
exd4 {(00:03)} 17. Qxh6 {(11:09)} Qxe4 {(03:21)} 18. Bc4 {
(02:44)} Qf5 {(09:10)} 19. Rad1 {(00:02)} Bg7 {(11:
45)} 20. Qh4 {(00:39)} Qg4 {(03:56)} 21. Qe7 {(00:13)} Bf5
{(00:32)} 22. Qxd6 {(05:32)} Bc2 {(11:31)} 23. Rd2 {
(01:04)} Be4 {(00:01)} 24. Qg3 {(01:16)} Bxf3 {(00:
04)} 25. gxf3 {(00:05)} Qf5 {(02:50)} 26. Kg2 {(01:01)}
Rae8 {(03:18)} 27. Rde2 {(00:35)} Rc8 {(00:03)} 28. Bb3 {
(00:32)} d3 {(01:02)} 29. Re7 {(00:13)} d2 {(04:24]
} 30. Rd1 {(00:08)} Rc1 {(00:02)} 31. Qg4 {(01:05)} Rxd1 {
(11:40)} 32. Qxf5 {(00:27)} gxf5 {(00:02)} 33. Bxd1 {
(00:06)} Rd8 {(01:16)} 34. Rxb7 {(00:30)} Rxd5 {(
00:03)} 35. f4 {(00:21)} Bd4 {(01:12)} 36. Kf3 {(00:50)}
Bb6 {(00:02)} 37. Re7 {(00:28)} Rd3+ {(00:54)} 38. Ke2 {
(00:32)} Rd4 {(00:02)} 39. f3 {(00:23)} Kf8 {(01:
18)} 40. Re5 {(00:00)} Rxf4 {(00:00)} 41. Kxd2 {(02:45)}
Kg7 {(03:12)} 42. h3 {(04:34)} Kf6 {(06:20)} 43. Rb5 {
(00:57)} Rh4 {(01:57)} 44. Bc2 {(02:04)} Rxh3 {(02:
56)} 45. Rxf5+ {(00:24)} Ke7 {(00:08)} 46. Be4 {(07:06)}
f6 {(00:19)} 47. Rb5 {(00:23)} Rg3 {(00:18)} 48. Kd3 {
(00:58)} Rg5 {(00:31)} 49. Bf5 {(01:35)} Rg3 {(01:
25)} 50. Bg4 {(01:04)} Rg1 {(00:14)} 51. a4 {(00:45)} Rd1+
{(02:28)} 52. Kc2 {(00:28)} Rd6 {(00:34)} 53. a5 {(
01:29)} Rc6+ {(00:07)} 54. Kb3 {(00:30)} Rc5 {(00:05)} 55.
Ka4 {(00:18)} Rxb5 {(00:05)} 56. Kxb5 {(00:06)} Bd4 {
(00:01)} 57. Ka6 {(01:33)} Kd6 {(00:03)} 58. Kb7 {(
00:32)} Kc5 {(00:08)} 59. Kxa7 {(00:45)} Kb5+ {(00:02)}
60. Kb7 1/2-1/2

[Event "42nd Olympiad Baku 2016 Open"]
[Site "Baku"]
[Date "2016.09.03"]
[Round "2.24"]
[White "Meskovs, Nikita"]
[Black "Valenzuela Fuentealba, Luis"]
[Result "1-0"]
[ECO "A25"]
[WhiteElo "2476"]
[BlackElo "2439"]
[Annotator ""]
[PlyCount "89"]
[EventDate "2016.??.??"]
[EventCountry "AZE"]
[SourceTitle "playchess.com"]
[Source "ChessBase"]
[WhiteTeam "Latvia"]
[BlackTeam "Chile"]
[WhiteTeamCountry "LAT"]
[BlackTeamCountry "CHI"]
[TimeControl "40/5400+30:1800+30"]

1. c4 {(00:00)} e5 {(00:00)} 2. Nc3 {(00:00)} Nc6 {
(00:05)} 3. g3 {(00:14)} g6 {(00:19)} 4. Bg2 {(00:
06)} Bg7 {(00:09)} 5. Rb1 {(00:28)} f5 {(01:37)} 6. b4 {
(05:40)} Nf6 {(00:44)} 7. d3 {(04:23)} h6 {(04:54)}
8. e3 {(02:01)} O-O {(05:31)} 9. Nge2 {(02:29)} d6 {
(02:37)} 10. O-O {(02:24)} Ne7 {(08:08)} 11. b5 {(
02:19)} Kh8 {(20:13)} 12. Qc2 {(11:54)} g5 {(18:34)} 13.
f4 {(00:27)} Ng6 {(09:36)} 14. Nd5 {(09:55)} Rb8 {(
05:38)} 15. Ba3 {(05:21)} Nxd5 {(01:51)} 16. Bxd5 {(00:38]
} Bd7 {(07:40)} 17. Bg2 {(05:32)} exf4 {(06:46)} 18. exf4
{(02:00)} gxf4 {(01:12)} 19. Nxf4 {(04:28)} Nxf4 {(
00:07)} 20. Rxf4 {(00:03)} b6 {(00:52)} 21. Rbf1 {(02:27)}
Qe7 {(01:53)} 22. Bc1 {(01:05)} Rbe8 {(00:44)} 23. Bf3 {
(04:21)} Qf6 {(01:12)} 24. d4 {(01:14)} Re7 {(00:
39)} 25. Qd3 {(04:24)} Rfe8 {(00:29)} 26. Bd2 {(00:01)}
Qg6 {(00:38)} 27. Rh4 {(04:50)} Qf6 {(00:43)} 28. Rf2 {
(00:01)} Bc8 {(00:16)} 29. Bd5 {(01:10)} Qg6 {(00:
16)} 30. a4 {(09:22)} Kh7 {(00:15)} 31. Kg2 {(02:21)} Bd7
{(00:32)} 32. Qf3 {(04:17)} Rf8 {(00:37)} 33. a5 {(
02:43)} Bc8 {(00:16)} 34. a6 {(02:12)} Bd7 {(00:01)} 35.
Rf4 {(03:44)} Bc8 {(00:26)} 36. Qd3 {(00:28)} Rfe8 {
(01:02)} 37. h3 {(01:19)} Rf8 {(01:19)} 38. Kh2 {(
01:20)} Kh8 {(00:35)} 39. g4 {(00:26)} Bd7 {(00:26)} 40.
gxf5 {(00:00)} Qf6 {(00:00)} 41. Be6 {(04:23)} Be8 {
(03:38)} 42. d5 {(08:19)} Qa1 {(00:41)} 43. f6 {(
00:57)} Rxf6 {(00:40)} 44. Rxf6 {(00:29)} Bxf6 {(00:06)}
45. Rxf6 {(00:12)} 1-0

[Event "42nd Olympiad Baku 2016 Open"]
[Site "Baku"]
[Date "2016.09.03"]
[Round "2.6"]
[White "Mollah Abdullah, Al Rakib"]
[Black "Hammer, Jon Ludvig"]
[Result "1/2-1/2"]
[ECO "D38"]
[WhiteElo "2488"]
[BlackElo "2651"]
[Annotator ""]
[PlyCount "87"]
[EventDate "2016.??.??"]
[EventCountry "AZE"]
[SourceTitle "playchess.com"]
[Source "ChessBase"]
[WhiteTeam "Bangladesh"]
[BlackTeam "Norway"]
[WhiteTeamCountry "BAN"]
[BlackTeamCountry "NOR"]
[TimeControl "40/5400+30:1800+30"]

1. d4 {(00:00)} Nf6 {(00:00)} 2. c4 {(00:00)} e6 {(
00:00)} 3. Nf3 {(00:00)} d5 {(00:00)} 4. Nc3 {(00:00)} Bb4
{(00:00)} 5. Qa4+ {(00:25)} Nc6 {(00:00)} 6. e3 {(
00:18)} O-O {(00:27)} 7. Qc2 {(00:35)} Ne7 {(12:53)} 8.
Bd2 {(08:42)} b6 {(01:23)} 9. cxd5 {(05:21)} exd5 {
(00:13)} 10. a3 {(07:08)} Bf5 {(02:51)} 11. Bd3 {(
00:49)} Bxd3 {(00:08)} 12. Qxd3 {(00:04)} Bd6 {(00:31)}
13. O-O {(05:38)} c6 {(01:27)} 14. Rac1 {(03:32)} a5 {
(01:51)} 15. e4 {(03:00)} dxe4 16. Nxe4 {(02:56)} Nxe4 {
(04:20)} 17. Qxe4 f6 {(02:22)} 18. Qe6+ {(08:20)} Rf7 {
(04:15)} 19. Rfe1 {(18:07)} Rc8 {(02:13)} 20. h4 Nd5 {
(00:26)} 21. h5 {(09:34)} Qd7 22. g3 {(07:57)} Qxe6 {
(01:02)} 23. Rxe6 {(00:03)} Rd7 {(00:10)} 24. Kg2 {
(01:39)} Kf7 {(03:57)} 25. Re4 {(01:13)} Re7 {(00:
12)} 26. Rxe7+ {(00:48)} Nxe7 {(04:58)} 27. Nh4 {(04:37)}
Ke6 {(00:53)} 28. Kf3 {(00:40)} a4 {(02:12)} 29. Ke4 {
(06:06)} g5 {(01:23)} 30. Ng2 {(02:42)} f5+ {(02:
15)} 31. Kd3 {(00:09)} h6 {(00:48)} 32. Re1+ {(02:18)} Kd7
{(00:08)} 33. Ne3 {(00:10)} b5 {(00:09)} 34. Bc3 {(
02:25)} Rf8 {(02:29)} 35. d5 {(01:20)} f4 {(12:59)} 36.
dxc6+ {(00:02)} Kxc6 {(00:08)} 37. Ng4 {(00:38)} fxg3 {
(00:42)} 38. fxg3 {(00:01)} Rf3+ {(02:31)} 39. Re3 {
(01:06)} Rxe3+ {(00:32)} 40. Nxe3 {(00:00)} Bxg3 {(
00:00)} 41. Ke4 {(10:21)} Bf4 {(08:01)} 42. Ng4 {(04:39)}
Nd5 {(00:17)} 43. Bg7 {(07:53)} Bd6 {(03:57)} 44. Bxh6 {
(02:59)} 1/2-1/2

[Event "42nd Olympiad Baku 2016 Open"]
[Site "Baku"]
[Date "2016.09.03"]
[Round "2.4"]
[White "Moroni, Luca Jr"]
[Black "Linster, Philippe"]
[Result "1-0"]
[ECO "E15"]
[WhiteElo "2459"]
[BlackElo "2233"]
[Annotator ""]
[PlyCount "93"]
[EventDate "2016.??.??"]
[EventCountry "AZE"]
[SourceTitle "playchess.com"]
[Source "ChessBase"]
[WhiteTeam "Italy"]
[BlackTeam "Luxembourg"]
[WhiteTeamCountry "ITA"]
[BlackTeamCountry "LUX"]
[TimeControl "40/5400+30:1800+30"]

1. d4 {(00:00)} Nf6 {(00:00)} 2. c4 {(00:00)} e6 {(
00:00)} 3. Nf3 {(00:14)} b6 {(00:00)} 4. g3 {(00:20)} Bb4+
{(00:08)} 5. Bd2 {(00:18)} Be7 {(00:07)} 6. Nc3 {(
00:20)} Bb7 {(00:08)} 7. Bg2 {(00:18)} O-O {(00:37)} 8.
O-O {(00:29)} c6 {(00:52)} 9. Rc1 {(01:50)} d5 {(
03:03)} 10. Bf4 {(00:15)} Nh5 {(20:25)} 11. Be5 {(00:18)}
Nd7 {(02:07)} 12. cxd5 {(02:28)} exd5 {(03:20)} 13. Qd2 {
(09:31)} f6 {(04:49)} 14. Bf4 {(21:49)} Nxf4 {(00:
18)} 15. Qxf4 {(00:22)} f5 {(06:28)} 16. h4 {(04:08)} Qb8
{(11:24)} 17. Qxb8 {(15:09)} Raxb8 {(00:14)} 18. e3 {
(00:39)} Bd6 {(06:23)} 19. Rfd1 {(03:10)} Rbe8 {(
04:42)} 20. Ne2 {(03:55)} Nf6 {(10:59)} 21. Nf4 {(02:57)}
Bxf4 {(05:53)} 22. gxf4 {(05:47)} Ne4 {(01:57)} 23. Ne5 {
(03:53)} Rc8 {(08:40)} 24. Rc2 {(02:57)} Rc7 {(03:
40)} 25. Rdc1 {(04:50)} Rfc8 {(00:02)} 26. b4 {(01:06)} g6
{(02:49)} 27. a4 {(02:10)} Kg7 {(00:17)} 28. Bf3 {(
03:43)} Ba8 {(03:01)} 29. Kg2 {(01:29)} Bb7 {(01:02)} 30.
Bxe4 {(01:50)} fxe4 {(00:23)} 31. b5 {(01:29)} c5 {
(00:17)} 32. a5 {(01:54)} c4 {(01:15)} 33. a6 {(00:
26)} Ba8 {(00:01)} 34. Kf1 {(01:13)} Rf8 {(00:59)} 35. Ke2
{(01:29)} Rf5 {(00:28)} 36. Rg1 {(00:55)} Re7 {(00:
31)} 37. Rcc1 {(01:07)} Re6 {(00:26)} 38. Rg5 {(02:05)}
Rxg5 {(00:39)} 39. fxg5 {(00:38)} Re8 {(00:32)} 40. f3 {
(00:00)} exf3+ {(00:00)} 41. Kxf3 {(01:14)} Re7 {(
07:59)} 42. Ke2 {(01:46)} Rc7 {(02:11)} 43. Rf1 {(01:32)}
Re7 {(04:16)} 44. Kd2 {(00:25)} Rc7 {(00:13)} 45. Kc3 {
(00:05)} Re7 {(00:12)} 46. Rf6 {(00:05)} Rc7 {(00:
06)} 47. Rd6 {(00:06)} 1-0

[Event "42nd Olympiad Baku 2016 Open"]
[Site "Baku"]
[Date "2016.09.03"]
[Round "2.21"]
[White "Morovic Fernandez, Ivan"]
[Black "Shirov, Alexei"]
[Result "1/2-1/2"]
[ECO "C11"]
[WhiteElo "2554"]
[BlackElo "2673"]
[Annotator ""]
[PlyCount "79"]
[EventDate "2016.??.??"]
[EventCountry "AZE"]
[SourceTitle "playchess.com"]
[Source "ChessBase"]
[WhiteTeam "Chile"]
[BlackTeam "Latvia"]
[WhiteTeamCountry "CHI"]
[BlackTeamCountry "LAT"]
[TimeControl "40/5400+30:1800+30"]

1. e4 {(00:00)} e6 {(00:00)} 2. d4 {(00:31)} d5 {(
00:00)} 3. Nc3 {(00:08)} Nf6 {(00:00)} 4. Bg5 {(01:17)}
dxe4 {(00:00)} 5. Nxe4 {(00:30)} Be7 {(00:04)} 6. Bxf6 {
(00:43)} gxf6 {(00:06)} 7. Nc3 {(00:55)} a6 {(00:
12)} 8. g3 {(02:40)} b5 {(01:35)} 9. Bg2 {(00:41)} Ra7 {
(00:06)} 10. Nf3 {(09:44)} c5 {(07:05)} 11. dxc5 {(
05:57)} Qxd1+ {(05:55)} 12. Rxd1 {(00:09)} Bxc5 {(00:08)}
13. Ne4 {(09:36)} Be7 {(01:48)} 14. Nd6+ {(03:05)} Bxd6 {
(00:28)} 15. Rxd6 {(00:03)} Ke7 {(00:11)} 16. Rd2 {
(04:54)} Bb7 {(01:38)} 17. O-O {(16:47)} Bxf3 {(01:
52)} 18. Bxf3 {(00:08)} Nd7 {(00:03)} 19. Rfd1 {(04:00)}
b4 {(10:40)} 20. Bh5 {(18:08)} a5 {(08:32)} 21. Ra1 {
(04:35)} Rb8 {(02:16)} 22. a3 {(01:51)} Nc5 {(14:
57)} 23. axb4 {(06:44)} Rxb4 {(00:58)} 24. b3 {(01:05)}
Ne4 {(01:30)} 25. Rd3 {(00:38)} f5 {(02:37)} 26. Bf3 {
(01:05)} Nd6 {(02:29)} 27. Rad1 {(00:51)} Rb6 {(04:
16)} 28. Rc3 {(00:52)} Nb5 {(07:12)} 29. Rc5 {(01:08)} Rc7
{(01:03)} 30. Rxc7+ {(00:31)} Nxc7 {(00:04)} 31. Rd4 {
(01:31)} Rb4 {(03:07)} 32. Rd1 {(00:29)} Nb5 {(01:
15)} 33. Ra1 {(01:02)} Nd4 {(00:51)} 34. Bd1 {(00:46)} Rb5
{(00:07)} 35. Kf1 {(01:06)} Rc5 {(03:27)} 36. Ke1 {
(01:25)} Nxc2+ {(01:38)} 37. Bxc2 {(00:52)} Rxc2 {(
00:06)} 38. Rxa5 {(00:03)} Rb2 {(01:48)} 39. Ra7+ {(00:13]
} Kf6 {(00:07)} 40. Rb7 1/2-1/2